 Dungeon Crawl Stone Soup version bcrawl-1.19-7-g22fd707d3b (webtiles) character file.

Game seed: 5056508714254404195

70 MisterOstroum the Conjurer (level 4, 0/24 HPs)
             Began as an Avariel Fire Elementalist on Nov 19, 2019.
             Was a Believer of Ru.
             Slain by a hound (4 damage)
             ... on level 2 of the Dungeon.
             The game lasted 00:02:23 (1140 turns).

MisterOstroum the Conjurer (AvFE)                   Turns: 1140, Time: 00:02:24

Health: 0/24       AC:  2    Str:  6    XL:     4   Next: 22%
Magic:  0/9        EV: 14    Int: 22    God:    Ru [**....]
Gold:   111        SH:  0    Dex: 13    Spells: 3/7 levels left

rFire    . . .     SeeInvis .   (no weapon)
rCold    . . .     Gourm    .   (no shield)
rNeg     . . .     Faith    .   a - +0 robe
rPois    .         Spirit   .   (helmet restricted)
rElec    .         Reflect  .   (no cloak)
rCorr    .         Harm     .   (no gloves)
MR       .....                  (no boots)
Stlth    ++........             (no amulet)
HPRegen  0.08/turn              (no ring)
MPRegen  0.11/turn              (no ring)

@: no status effects
A: horns 1, repulsion field 1, blink, blurry vision 1, unskilled 1
a: Blink, Renounce Religion


You were on level 2 of the Dungeon.
You worshipped Ru.
Ru was pleased with you.
You were hungry.

You visited 1 branch of the dungeon, and saw 2 of its levels.

You collected 111 gold pieces.

Inventory:

Missiles
 c - 149 stones (quivered)
Armour
 a - a +0 robe (worn)
 f - a cursed +0 pair of boots
Jewellery
 d - a cursed ring of teleportation {unknown}
Scrolls
 b - a scroll of teleportation {unknown}
 h - a scroll of enchant armour {unknown}
 k - a scroll of identify {unknown}
 l - a scroll of immolation {unknown}
Potions
 g - a potion of curing {@q1 !q}
Comestibles
 e - a ration {!d}
 j - a chunk of flesh


   Skills:
 - Level 2.0 Dodging
 - Level 2.0 Stealth
 + Level 2.4 Spellcasting
 * Level 4.7 Conjurations
 * Level 3.0 Fire Magic


You had 3 spell levels left.
You knew the following spells:

 Your Spells              Type           Power        Failure   Level  Hunger
a - Flame Tongue          Conj/Fire      ###..        2%          1    None
b - Conjure Flame         Conj/Fire      ###.....     8%          3    ###....

Your spell library contained the following spells:

 Spells                   Type           Power        Failure   Level  Hunger
 Flaming Arrows           Chrm/Fire      #.......     11%         2    ##.....
 Inner Flame              Hex/Fire       N/A          22%         3    ###....
 Sticky Flame             Conj/Fire      ###.....     26%         4    ####...
 Fireball                 Conj/Fire      ###.......   58%         5    ######.


Dungeon Overview and Level Annotations

Branches:
Dungeon (2/12)

Altars:
Ru
Xom


Innate Abilities, Weirdness & Mutations

You are somewhat unskilled. (-1 Apt)
You have a pair of small horns on your head.
You are surrounded by a mild repulsion field. (EV +2)
You can translocate small distances at will.
Scrolls take you a little longer to read.


Message History

Things that are here:
a +0 dagger; 18 gold pieces; a goblin corpse
Casting: Flame Tongue (safe; 2% risk of failure)
Confirm with . or Enter, or press ? or * to list all spells.
You don't have enough magic to cast that spell.
Casting: Flame Tongue (safe; 2% risk of failure)
Confirm with . or Enter, or press ? or * to list all spells.
You don't have enough magic to cast that spell.
Casting: Flame Tongue (safe; 2% risk of failure)
Confirm with . or Enter, or press ? or * to list all spells.
You don't have enough magic to cast that spell.
Casting: Flame Tongue (safe; 2% risk of failure)
Confirm with . or Enter, or press ? or * to list all spells.
You don't have enough magic to cast that spell.
A frilled lizard comes into view.
The hound barely misses you.
You are feeling hungry.
The hound closely misses you.
The hound stops to sniff the ground.
You see here a kobold corpse.
The hound barely misses you.
You see here a quokka corpse.
You see here a scroll labeled OGGOUP NITUTH.
You barely miss the hound. The hound barely misses you. The hound misses you.
Casting: Flame Tongue (safe; 2% risk of failure)
Confirm with . or Enter, or press ? or * to list all spells.
Aiming: Flame Tongue (safe; 2% risk of failure)
Press: ? - help, Shift-Dir - straight line, f - hound
Aim: a hound The flame tongue hits the hound.
The hound is lightly wounded.
The hound barely misses you.
Casting: Flame Tongue (safe; 2% risk of failure)
Confirm with . or Enter, or press ? or * to list all spells.
You don't have enough magic to cast that spell.
Casting: Flame Tongue (safe; 2% risk of failure)
Confirm with . or Enter, or press ? or * to list all spells.
You don't have enough magic to cast that spell.
Casting: Flame Tongue (safe; 2% risk of failure)
Confirm with . or Enter, or press ? or * to list all spells.
You don't have enough magic to cast that spell.
You hit the hound.
The hound is moderately wounded.
The hound misses you. The hound barely misses you.
You hit the hound but do no damage.
The hound is moderately wounded.
The hound bites you.
You hit the hound but do no damage.
The hound is moderately wounded.
The hound bites you but does no damage. The hound bites you.
You hit the hound.
The hound is moderately wounded.
The hound bites you.
You focus your will and illuminate the hound in retribution!
Casting: Flame Tongue (safe; 2% risk of failure)
Confirm with . or Enter, or press ? or * to list all spells.
Aiming: Flame Tongue (safe; 2% risk of failure)
Press: ? - help, Shift-Dir - straight line, f/p - hound
Aim: a hound (moderately wounded, softly glowing)
The flame tongue hits the hound.
The hound is moderately wounded.
The hound bites you. The hound bites you but does no damage.
Casting: Flame Tongue (safe; 2% risk of failure)
Confirm with . or Enter, or press ? or * to list all spells.
You don't have enough magic to cast that spell.
Casting: Flame Tongue (safe; 2% risk of failure)
Confirm with . or Enter, or press ? or * to list all spells.
You don't have enough magic to cast that spell.
Casting: Flame Tongue (safe; 2% risk of failure)
Confirm with . or Enter, or press ? or * to list all spells.
You don't have enough magic to cast that spell.
You hit the hound.
The hound is moderately wounded.
The hound closely misses you.
You hit the hound.
The hound is heavily wounded.
The hound bites you. The hound barely misses you.
Casting: Flame Tongue (safe; 2% risk of failure)
Confirm with . or Enter, or press ? or * to list all spells.
You don't have enough magic to cast that spell.
You hit the hound but do no damage.
The hound is heavily wounded.
The hound bites you.
* * * LOW HITPOINT WARNING * * *
You hit the hound but do no damage.
The hound is heavily wounded.
The hound bites you.
* * * LOW HITPOINT WARNING * * *
The hound closely misses you.
It was a potion of curing.
You feel better. The hound bites you.
* * * LOW HITPOINT WARNING * * *
Okay, then.
Unknown command.
It was a potion of mutation.
You feel extremely strange.
You feel jittery.
You begin to radiate repulsive energy.
Your vision blurs.
A pair of horns grows on your head! The hound bites you.
* * * LOW HITPOINT WARNING * * *
The hound bites you.
You die...

....... #..# .# .. #........#
#..##.#
....#........##+####..†..##.
....#................)#....#
....#......................#
................[......##[..#
................r†.....# ..
#.....>......#h###.#.#
#..........###@# #.#(# #
#..........# #..##.#.#
###.............#.##.#.#
..............#.#.....
.........##.#.#.##.#.#
.........##.#.#. .#
..)......#....#.# .#.####.#
#.#
.........#..###.##........#
#.#
......†.......#.##........#
#.#


You could see a hound and a rat.

Vanquished Creatures
  An adder (D:2)
  2 oozes (D:1)
  A worm (D:2)
  A dart slug (D:1)
  A leopard gecko (D:1)
  5 orcs (D:2)
  2 ball pythons
  2 giant cockroaches
  5 goblins
  5 hobgoblins
  2 jackals (D:2)
  A quokka (D:2)
  A frilled lizard (D:1)
  7 kobolds
  2 rats
38 creatures vanquished.

Vanquished Creatures (others)
  4 toadstools (D:1)
4 creatures vanquished.

Grand Total: 42 creatures vanquished

Notes
Turn   | Place    | Note
-------+----------+-------------------------------------------
     0 | D:1      | MisterOstroum the Avariel Fire Elementalist began the quest
                  | for the Orb.
     0 | D:1      | Reached XP level 1. HP: 10/10 MP: 6/6
   117 | D:1      | Reached skill level 2 in Conjurations
   123 | D:1      | Reached XP level 2. HP: 13/15 MP: 0/7
   218 | D:1      | Reached skill level 3 in Conjurations
   485 | D:1      | Found a shimmering altar of Xom.
   509 | D:1      | Reached XP level 3. HP: 19/19 MP: 5/9
   608 | D:1      | Reached skill level 4 in Conjurations
   620 | D:1      | Learned a level 3 spell: Conjure Flame
   814 | D:2      | Found a faded altar of an unknown god.
   818 | D:2      | Became a worshipper of Ru the Awakened
   981 | D:2      | Reached skill level 5 in Conjurations
   981 | D:2      | Reached XP level 4. HP: 18/24 MP: 1/10
  1102 | D:2      | Gained mutation: You are somewhat unskilled. (-1 Apt) [Ru
                  | sacrifice]
  1102 | D:2      | Reduced skill Conjurations to level 4
  1102 | D:2      | Reached * piety under Ru
  1102 | D:2      | Reached ** piety under Ru
  1138 | D:2      | HP: 1/24 [hound (5)]
  1140 | D:2      | Gained mutation: You can translocate small distances at
                  | will. [potion of mutation]
  1140 | D:2      | Gained mutation: You are surrounded by a mild repulsion
                  | field. (EV +2) [potion of mutation]
  1140 | D:2      | Gained mutation: Scrolls take you a little longer to read.
                  | [potion of mutation]
  1140 | D:2      | Gained mutation: You have a pair of small horns on your
                  | head. [potion of mutation]
  1140 | D:2      | Slain by a hound

Skill      XL: |  1  2  3  4 |
---------------+-------------+-----
Conjurations   | 2 3 5 4 |  4.7
Dodging        | |  2.0
Stealth        | |  2.0
Spellcasting   | |  2.4
Fire Magic     | |  3.0

Action                   |  1- 3 |  4- 6 || total
-------------------------+-------+-------++-------
Melee: Unarmed           |     6 |     9 ||    15
 Cast: Flame Tongue      |    62 |    14 ||    76
Invok: Sacrifice Skill   |       |     1 ||     1
  Use: Potion            |       |     2 ||     2
Armor: Robe              |     2 |     4 ||     6
Dodge: Dodged            |    18 |    15 ||    33
